AoeStats
← HAMADY

Arena

507087963Analyzed
4v4 RM · 16d ago on Sep 16, 2026· 33m 53s· 8 players
Game mode
Random Map
Map size
Large (8 player)
Population
200
Speed
Normal
Resources
Standard
Victory
Conquest
Starting age
Dark Age
Ending age
Imperial Age
RankedLock teamsTeams togetherTeam positionsShared explorationLock speedFull tech treeHidden civsTurbo modeCheats
Victory
Defeat
🇦🇷 Ethiopians · Argentina
1546
+10
🇰🇷 Bohemians · South Korea
1486
+12
🇹🇼 Spanish · Taiwan
1471
+13
🇭🇰 Bengalis · Hong Kong SAR China
1468
+13
🇻🇳 Romans · Vietnam
1540
-17
🇨🇳 Spanish · China
1373
-11
🇯🇵 Hindustanis · Japan
1363
-10
🇫🇷 Khmer · France
1346
-10
609170940
10:32 Feudal Age
14:13 Castle Age
12:17 Double-Bit Axe
12:21 Horse Collar
15:21 Bow Saw
22:16 Wheelbarrow
22:11 Heavy Plow
23:48 Hand Cart
27:39 Imperial Age
25:06 Stone Mining
25:07 Gold Mining
25:55 Loom
26:53 Gold Shaft Mining
26:10 Fletching
26:20 Padded Archer Armor
26:41 Ballistics
26:53 Bodkin Arrow
28:03 Leather Archer Armor
27:40 Elite Elephant Archer
28:42 Conscription
28:28 Paiks
29:54 Two-Man Saw
29:38 Crop Rotation
30:12 Bloodlines
30:02 Husbandry
30:45 Ring Archer Armor
31:06 Bracer
32:07 Chemistry
ss839059
10:21 Feudal Age
13:55 Castle Age
12:19 Double-Bit Axe
12:52 Horse Collar
15:23 Bow Saw
30:53 Imperial Age
31:25 Stone Mining
Chim cu đi tắm
10:23 Feudal Age
14:15 Castle Age
12:43 Double-Bit Axe
12:39 Horse Collar
16:09 Bow Saw
16:16 Loom
16:07 Crossbowman
21:36 Heavy Plow
23:48 Fletching
25:46 Ballistics
26:32 Wheelbarrow
26:07 Bodkin Arrow
31:01 Imperial Age
29:59 Padded Archer Armor
30:36 Thumb Ring
30:33 Gold Mining
31:29 Hand Cart
31:26 Thumb Ring
31:44 Bracer
31:09 Arbalester
31:15 Arbalester
33:06 Leather Archer Armor
34:20 Chemistry
수상
10:34 Feudal Age
14:10 Castle Age
12:06 Double-Bit Axe
12:31 Horse Collar
22:03 Wheelbarrow
21:53 Fervor
22:32 Heavy Plow
23:15 Bow Saw
24:44 Hand Cart
25:00 Loom
26:49 Scale Mail Armor
29:30 Imperial Age
28:25 Chemistry
27:37 Forging
27:19 Fletching
27:49 Squires
27:13 Man-at-Arms
27:17 Pikeman
27:42 Arson
28:43 Chain Mail Armor
27:54 Long Swordsman
29:49 Town Watch
30:59 Plate Mail Armor
30:25 Bodkin Arrow
29:53 Two-Handed Swordsman
30:51 Padded Archer Armor
31:26 Iron Casting
31:52 Bracer
32:08 Leather Archer Armor
31:16 Elite Skirmisher
31:25 Halberdier
31:26 Champion
34:16 Blast Furnace
35:04 Two-Man Saw
34:43 Ballistics
HAMADY
10:51 Feudal Age
14:38 Castle Age
13:00 Double-Bit Axe
16:57 Bow Saw
16:31 Horse Collar
17:52 Wheelbarrow
17:05 Loom
21:43 Heavy Plow
24:39 Hand Cart
24:27 Town Watch
26:02 Fletching
30:00 Imperial Age
27:55 Scale Barding Armor
28:58 Chain Barding Armor
28:43 Grand Trunk Road
29:21 Forging
30:33 Bloodlines
30:24 Husbandry
31:31 Plate Barding Armor
30:26 Heavy Camel Rider
31:30 Bodkin Arrow
32:51 Iron Casting
34:43 Chemistry
Ren
10:50 Feudal Age
14:32 Castle Age
12:31 Double-Bit Axe
12:52 Horse Collar
13:20 Loom
14:15 Gold Mining
16:07 Bow Saw
19:25 Wheelbarrow
20:29 Heavy Plow
22:49 Padded Archer Armor
24:10 Leather Archer Armor
25:21 Fletching
26:26 Bodkin Arrow
29:38 Husbandry
29:49 Bloodlines
31:04 Guard Tower
31:19 Town Watch
36:07 Imperial Age
thanh7531
9:30 Feudal Age
15:30 Castle Age
13:53 Loom
14:44 Wheelbarrow
14:01 Double-Bit Axe
13:59 Horse Collar
16:21 Wheelbarrow
15:33 Loom
26:13 Hand Cart
29:48 Imperial Age
28:08 Heavy Plow
29:55 Heavy Scorpion
31:58 Chemistry
30:54 Town Watch
31:56 Bow Saw
Pedro
10:25 Feudal Age
14:18 Castle Age
14:07 Town Watch
20:18 Light Cavalry
26:20 Double-Bit Axe
26:16 Horse Collar
26:43 Loom
27:34 Wheelbarrow
27:46 Wheelbarrow
29:29 Stone Mining
Connection lost

Rejoining the realm…

Still unreachable

The connection could not be restored.

Session expired

The server has moved on; the page needs a fresh start.